 Dungeon Crawl Stone Soup version 0.32-a0-39-g5c88369fb2 (webtiles) character file.

Game seed: 10716095027147704220

1685107 Ge0ff the Merry Mummy (level 26, 196/196 HPs)
             Began as a Mummy Hunter on Feb 2, 2024.
             Was a High Priest of Hepliaklqana.
             Escaped with the Orb
             ... and 3 runes on Feb 4, 2024!
             The game lasted 03:18:02 (69450 turns).

Ge0ff the Merry Mummy (Mummy Hunter)               Turns: 69450, Time: 03:18:03

Health: 196/196    AC: 20    Str: 19    XL:     26   Next: 87%
Magic:  35/35      EV: 24    Int:  9    God:    Hepliaklqana [*****.]
Gold:   4405       SH:  0    Dex: 29    Spells: 27/39 levels left

rFire   + . .        a - +8 storm bow {elec, penet}
rCold   + + +        (shield currently unavailable)
rNeg    + + +        Q - +3 leather armour {rC+ rF+}
rPois   ∞            X - +3 helmet "Earthly Heaven" {rF+}
rElec   +            i - +2 cloak
rCorr   +            r - +2 pair of gloves "Jeto" {Dex+3}
SInv    .            R - +0 pair of boots of Qacag {rC+ Regen+ rCorr Stlth+}
Will    ++++.        Y - amulet of Vitality {RegenMP++ Regen++}
Stlth   ++           D - ring of Vief {rF+ Slay+4}
HPRegen 2.92/turn    H - ring of Fifimper {rElec rPois rF- Will+ Str+4, =R}
MPRegen 1.04/turn

%: faith
@: studying 2 skills
A: reduced essence, cold resistance 1, negative energy resistance 3, torment
resistance 2, heat vulnerability 1, in touch with death 2, no potions, faith
0: Orb of Zot
}: 3/15 runes: barnacled, silver, gossamer
a: Renounce Religion, Recall Ancestor, Ancestor Identity, Transference, Idealise


You escaped.
You worshipped Hepliaklqana.
Hepliaklqana was extremely pleased with you.
You visited 11 branches of the dungeon, and saw 51 of its levels.
You visited the Abyss 1 time.
You visited 2 bazaars.
You also visited: Ice Cave and Volcano.

You collected 9181 gold pieces.
You spent 4776 gold pieces at shops.

Inventory:

Hand Weapons
 a - the +8 storm bow (weapon) {elec, penet}
   (You found it on level 2 of the Vaults)
 b - the +7 hand cannon "Mule" {flame, backblast, rF+}
   (You found it on level 3 of the Elven Halls)

   rF+:       It protects you from fire.
 h - a +9 longbow of draining
 o - a +4 quick blade of distortion
Missiles
 g - 4 throwing nets {=F}
 v - 12 curare-tipped darts {=F}
 x - 17 silver javelins
 A - 4 datura-tipped darts {=F}
 M - 69 boomerangs
 N - 5 darts of dispersal
 W - 26 javelins
Armour
 i - a +2 cloak (worn)
 r - the +2 pair of gloves "Jeto" (worn) {Dex+3}
   (You bought it in a shop on level 2 of the Orcish Mines)

   Dex+3:     It affects your dexterity (+3).
 K - a +0 troll leather armour
 L - the +2 robe "Laoqi" {rElec rF+ Will-}
   (You found it on level 5 of the Realm of Zot)

   rF+:       It protects you from fire.
   rElec:     It insulates you from electricity.
   Will-:     It decreases your willpower.
 Q - a +3 leather armour of resistance (worn)
 R - the +0 pair of boots of Qacag (worn) {rC+ Regen+ rCorr Stlth+}
   (You bought it in a shop on level 3 of the Elven Halls)

   rC+:       It protects you from cold.
   Regen+:    It increases your rate of health regeneration.
   rCorr:     It protects you from acid and corrosion.
   Stlth+:    It makes you more stealthy.
 X - the +3 helmet "Earthly Heaven" (worn) {rF+}
   (You found it on level 3 of the Elven Halls)

   rF+:       It protects you from fire.
Jewellery
 t - a ring of see invisible
 D - the ring of Vief (left hand) {rF+ Slay+4}
   (You took it off a frost giant on level 5 of the Vaults)

   [ring of slaying]

   Slay+4:    It affects your accuracy & damage with ranged weapons and melee
   (+4).
   rF+:       It protects you from fire.
 G - a ring of wizardry
 H - the ring of Fifimper (right hand) {rElec rPois rF- Will+ Str+4, =R}
   (You took it off a deep elf demonologist on level 3 of the Elven Halls)

   [ring of willpower]

   Str+4:     It affects your strength (+4).
   rF-:       It makes you vulnerable to fire.
   rElec:     It insulates you from electricity.
   rPois:     It protects you from poison Will+: It increases your willpower.
 Y - the amulet of Vitality (around neck) {RegenMP++ Regen++}
   (You acquired it on level 6 of the Dungeon)

   [amulet of magic regeneration]

   RegenMP:   It increases your rate of magic regeneration.
   Regen++:   It increases your rate of health regeneration.
 Z - a ring of flight
Wands
 d - a wand of digging (18)
 f - a wand of flame (100)
 j - a wand of light (22)
 k - a wand of iceblast (13)
 p - a wand of paralysis (63)
 s - a wand of mindburst (50)
 P - a wand of polymorph (3)
Scrolls
 e - 3 scrolls of torment
 m - 4 scrolls of revelation
 q - 11 scrolls of amnesia
 u - 11 scrolls of enchant armour
 z - 5 scrolls of brand weapon
 B - 8 scrolls of blinking
 C - 2 scrolls of poison
 E - 4 scrolls of fear
 F - a scroll of fog
 I - 4 scrolls of enchant weapon
 J - 5 scrolls of silence {!r}
 S - a scroll of summoning
 T - 8 scrolls of teleportation
 V - 17 scrolls of vulnerability
Miscellaneous
 c - a condenser vane
 l - a lightning rod (4/4)
 n - a phial of floods
 O - a sack of spiders
 U - a phantom mirror (inert)


   Skills:
 - Level 20.0 Fighting
 O Level 27 Ranged Weapons
 - Level 6.0 Throwing
 + Level 11.9 Armour
 + Level 11.9 Dodging
 + Level 6.2 Stealth
 - Level 7.0 Spellcasting
 - Level 7.0 Hexes
 - Level 10.0 Summonings
 - Level 10.0 Necromancy
 - Level 3.0 Translocations
 + Level 16.2 Invocations
 + Level 13.2 Evocations


You had 27 spell levels left.
You knew the following spells:

 Your Spells              Type           Power      Damage    Failure   Level
g - Apportation           Tloc           16%        N/A       6%          1
m - Martyr's Knell        Necr/Summ      47%        N/A       3%          4
s - Jinxbite              Hex            30%        N/A       1%          2
B - Blink                 Tloc           16%        N/A       10%         2
C - Fugue of the Fallen   Necr           47%        N/A       1%          3

Your spell library contained the following spells:

 Spells                   Type           Power      Damage    Failure   Level
 Necrotise                Necr           100%       1d9       1%          1
 Summon Small Mammal      Summ           84%        N/A       1%          1
 Call Imp                 Summ           42%        N/A       1%          2
 Call Canine Familiar     Summ           21%        N/A       1%          3
 Vampiric Draining        Necr           47%        2d9       1%          3
 Kiss of Death            Conj/Necr      100%       2d13      2%          1
 Sigil of Binding         Hex            15%        N/A       3%          3
 Animate Dead             Necr           47%        N/A       3%          4
 Dispel Undead            Necr           47%        3d18      3%          4
 Anguish                  Hex/Necr       20%        N/A       7%          4
 Ensorcelled Hibernation  Hex/Ice        18%        N/A       8%          2
 Cigotuvi's Dreadful Rot  Necr/Alch/Air  40%        N/A       9%          2
 Summon Ice Beast         Ice/Summ       12%        N/A       9%          3
 Curse of Agony           Necr           47%        N/A       10%         5
 Dazzling Flash           Conj/Hex       18%        N/A       16%         3
 Inner Flame              Hex/Fire       9%         N/A       16%         3
 Momentum Strike          Conj/Tloc      10%        3d8       19%         2
 Gell's Gravitas          Tloc           8%         N/A       19%         3
 Teleport Other           Tloc           8%         N/A       19%         3
 Magic Dart               Conj           12%        1d3       22%         1
 Sting                    Conj/Alch      12%        1d3       22%         1
 Animate Armour           Summ/Erth      24%        N/A       28%         4
 Dimensional Bullseye     Hex/Tloc       6%         N/A       28%         4
 Summon Blazeheart Golem  Fire/Summ      12%        N/A       28%         4
 Summon Lightning Spire   Summ/Air       12%        N/A       28%         4
 Mercury Vapours          Alch/Air       6%         N/A       32%         2
 Scorch                   Fire           6%         2d5       32%         2
 Searing Ray              Conj           6%         2d4       32%         2
 Volatile Blastmotes      Fire/Tloc      10%        2d10      34%         3
 Death Channel            Necr           23%        N/A       50%         6
 Summon Cactus Giant      Summ           10%        N/A       50%         6
 Frozen Ramparts          Ice            6%         1d1       54%         3
 Hailstorm                Conj/Ice       3%         3d5       54%         3
 Ozocubu's Armour         Ice            3%         N/A       54%         3
 Manifold Assault         Tloc           8%         N/A       54%         4
 Borgnjor's Vile Clutch   Necr/Erth      13%        N/A       61%         5
 Vhi's Electric Charge    Tloc/Air       10%        N/A       75%         4
 Metabolic Englaciation   Hex/Ice        4%         N/A       82%         5
 Yara's Violent Unravell  Hex/Alch       4%         3d4       82%         5
 Airstrike                Air            1%         2d(1-17)  91%         4
 Flame Wave               Conj/Fire      3%         2d5       91%         4
 Leda's Liquefaction      Alch/Erth      1%         N/A       91%         4
 Olgreb's Toxic Radiance  Alch           3%         N/A       91%         4
 Petrify                  Alch/Erth      3%         N/A       91%         4
 Sticky Flame             Fire/Alch      3%         2d4       91%         4
 Alistair's Intoxication  Alch           2%         N/A       99%         5
 Arcjolt                  Conj/Air       1%         1d11      99%         5
 Irradiate                Conj/Alch      1%         3d12      99%         5
 Lee's Rapid Deconstruct  Erth           1%         3d4*      99%         5
 Conjure Ball Lightning   Conj/Air       1%         3x3d6     100%        6
 Dispersal                Tloc           4%         N/A       100%        6
 Plasma Beam              Fire/Air       1%         2x1d11    100%        6
 Sculpt Simulacrum        Ice/Alch       1%         N/A       100%        6
 Starburst                Conj/Fire      1%         6d3       100%        6
 Enfeeble                 Hex            7%         N/A       100%        7
 Malign Gateway           Summ/Tloc      7%         N/A       100%        7
 Orb of Destruction       Conj           1%         9d5       100%        7
 Discord                  Hex            7%         N/A       100%        8
 Disjunction              Tloc           4%         N/A       100%        8
 Ignition                 Fire           1%         3d3       100%        8
 Infestation              Necr           23%        N/A       100%        8
 Maxwell's Capacitive Co  Air            1%         ∞         100%        8
 Summon Horrible Things   Summ           10%        N/A       100%        8
 Sublimation of Blood     Necr           Unusable   N/A       N/A         2
 Death's Door             Necr           Unusable   N/A       N/A         9

Dungeon Overview and Level Annotations

Branches:
Dungeon (15/15)            Temple (1/1) D:6            Lair (5/5) D:8
 Shoals (4/4) Lair:3       Spider (4/4) Lair:2        Slime (0/5) Lair:4
    Orc (2/2) D:12            Elf (3/3) Orc:2        Vaults (5/5) D:13
  Crypt (3/3) Vaults:3       Tomb (0/3) Crypt:3      Depths (4/4) D:15
    Zot (5/5) Depths:4      IceCv (visited)         Volcano (visited)

Altars:
Ashenzari
Cheibriados
Dithmenos
Fedhas
Gozag
Hepliaklqana
Kikubaaqudgha
Makhleb
Nemelex Xobeh
Okawaru
Qazlal
Ru
Sif Muna
Trog
Uskayaw
Vehumet
Wu Jian
Xom
Yredelemnul
Jiyva

Shops:
D:2 =   D:6 ?   Orc:1 *   Orc:2 (:[*   Elf:3 =::[   Shoals:2 (   Shoals:3 *
Vaults:2 (   Depths:1 *   Depths:2 *

Portals:
Hell: Depths:1 Depths:2 Depths:3 Depths:4
Abyss: Depths:3
Pandemonium: Depths:2
Ziggurat: Depths:3

Annotations:
Zot:2 3 runed translucent doors, Calu's ghost, legendary KoHu; NigelTetley's ghost, veteran VSFi; Uqizxu's ghost, master OnFi; Ydililac's ghost, legendary GrEE


Innate Abilities, Weirdness & Mutations

Your life essence is reduced to manifest your ancestor. (-10% HP)
You are immune to poison.
Your flesh is cold resistant. (rC+)
You are immune to negative energy. (rN+++)
You are immune to unholy pain and torment.
You are vulnerable to heat. (rF-)
You are strongly in touch with the powers of death.
You do not drink.
You have a special connection with the divine. (Faith)


Message History

A mysterious force pulls you upwards. The hatch slams shut behind you.
You open the door.
There is an open door here.
There is a stone staircase leading up here.
You climb upwards.
There is a stone staircase leading down here.
You swap places.
A green death comes into view.
You shoot an arrow.
The arrow pierces through the green death!!
Lightning courses through the green death!
The green death is heavily wounded.
MuOPcestor points at the green death and mumbles some strange words.
The green death resists with almost no effort.
You shoot an arrow.
The arrow pierces through the green death!!
The green death is almost dead.
You shoot an arrow.
The arrow barely misses the green death.
You shoot an arrow.
The arrow pierces through the green death!!
You kill the green death!
There is a stone staircase leading up here.
You climb upwards.
There is a stone staircase leading down here.
A hobgoblin comes into view.
You shoot an arrow. The arrow closely misses the hobgoblin.
You shoot an arrow.
The arrow pierces through the hobgoblin!!!
You kill the hobgoblin!
You shoot an arrow.
The arrow pierces through the rakshasa!!!
The rakshasa is heavily wounded.
You shoot an arrow. The arrow pierces through the rakshasa!
The rakshasa is severely wounded.
The injured rakshasa weaves a defensive illusion!
The rakshasa blinks!
You shoot an arrow.
The arrow pierces through the rakshasa!!!
Lightning courses through the rakshasa!
You kill the rakshasa!
The rakshasa shimmers and vanishes!
Aiming: Dig
Press: ? - help, Shift-Dir - straight line An open door.
This square is covered in magical glow.
The rock shatters into small pieces.
There is an open door here.
There is a staircase leading out of the dungeon here.
You have escaped!

......................#..........
.#########..#########..#.##.#.###
#### ##..##)......##......#.#..
########..##†###'###.##..#..#.#.#
.......#.##.##.....##.##.#..#.#.#
######.#.#.##.##.##.##.#.#..#!#.#
###....#.#.#.##...##.#.#....#.#.#
###....#.###.#.#R#.#.#.#....#.#.#
.##....#.#.#.###@#.###.#.#..#.#.#
.....#.#.#.#.#.#.'.#.#.#.#.##.#.#
.###.#.#.#.#.##...'#.#.#.#......#
...#.#...#.##.#####.##.#...##.###
##.#.#...##.##.....##.##....#.##.
.....#.#..##.#######.##.....#.#..
.....#.##..##........#..##.)#...#
...#.#.#.#..#'#######.......#..##
...#..................#..........


You could see the friendly MuOPcestor the hexer.

Vanquished Creatures
  A dread lich (Zot:5)
  4 ancient liches
  An orb of fire (Zot:5)
  Mennas (Crypt:3)
  Vv (Crypt:3)
  Boris (twice) (Vaults:5 Crypt:1)
  3 Killer Klowns (Zot:5)
  2 curse toes (Zot:5)
  6 golden dragons
  Jory (Crypt:1)
  4 electric golems
  20 Orb Guardians (Zot:5)
  10 tentacled monstrosities
  A shard shrike skeleton (Crypt:3)
  A walking crystal tome (Depths:1)
  2 deep elf blademasters
  2 deep elf master archers (Elf:3)
  A lich (Crypt:3)
  Asterion (Depths:1)
  4 titans (Vaults:5)
  6 sphinxes
  An Executioner (D:10)
  3 quicksilver dragons
  2 death cobs
  2 ancient champions
  3 krakens (Shoals:1)
  6 shadow dragons
  A revenant (Crypt:3)
  8 tengu reavers
  8 fire giants
  2 emperor scorpions
  2 draconian shifters
  13 storm dragons
  A draconian knight (Depths:4)
  4 draconian monks
  8 deep elf sorcerers
  4 draconian scorchers
  8 vault wardens
  A balrug (Zot:4)
  8 ghouls
  7 frost giants
  5 ghost moths
  A deep elf elementalist (Elf:3)
  3 draconian stormcallers
  2 orc warlords
  17 ironbound preservers
  2 spriggan defenders
  11 stone giants
  5 ironbound thunderhulks
  A broodmother (Spider:4)
  2 formless jellyfish
  10 vampire knights
  11 deep elf demonologists
  20 very ugly things
  5 deep elf death magi
  2 war gargoyles
  5 white draconians
  19 dire elephants
  4 black draconians
  8 yellow draconians
  7 spark wasps
  5 purple draconians
  4 deep elf annihilators
  A minotaur (Shoals:4)
  4 green draconians
  7 red draconians
  Snorg (D:12)
  An eidolon (Crypt:2)
  7 merfolk impalers
  22 ettins
  7 merfolk javelineers
  A green death (D:2)
  7 entropy weavers
  7 deep elf high priests
  An entropy weaver (shapeshifter) (D:14)
  A spriggan zombie (Crypt:3)
  8 jiangshi
  3 fire dragons
  15 yaktaur captains
  The ghost of StikS32 the Blocker, a journeyman MiFi of the Shining One (D:11)
  A fenstrider witch zombie (Crypt:3)
  4 great orbs of eyes
  4 spriggan air magi
  3 rakshasas
  4 hydras
  2 jorogumos (Spider:4)
  23 vault guards
  3 ironbound frosthearts
  3 catoblepae (Lair:5)
  7 ice dragons
  3 merfolk avatars
  2 alligator snapping turtles
  5 centaur warriors
  2 death knights
  5 ogre magi
  10 satyrs
  4 merfolk aquamancers
  2 radroaches (Spider:4)
  A sphinx skeleton (Vaults:3)
  7 death yaks
  15 two-headed ogres
  23 dancing weapons
  4 deep troll shamans
  7 tengu warriors
  7 boulder beetles
  A deep troll earth mage (Depths:4)
  An orc high priest (Orc:1)
  7 vampire magi
  10 deep elf knights
  A shock serpent (shapeshifter) (Vaults:5)
  5 demonic crawlers
  22 hell knights
  6 spriggan berserkers
  A titan skeleton (Crypt:1)
  4 sun demons
  5 skysharks
  Nergalle (Lair:1)
  A storm dragon skeleton (Crypt:1)
  2 skysharks (shapeshifter)
  3 shadow wraiths
  5 sea snakes
  2 iron trolls
  A pharaoh ant (Spider:4)
  18 skeletal warriors
  4 flayed ghosts
  3 glowing orange brains
  A sun moth (Spider:4)
  67 deep trolls
  An obsidian statue (Zot:5)
  A mana viper (Zot:2)
  5 arcanists
  12 orb spiders
  A bunyip skeleton (Crypt:3)
  6 steelbarb worms
  19 harpies
  An anaconda skeleton (Crypt:2)
  12 deep elf archers
  13 phantasmal warriors
  7 orc knights
  Pikel (D:9)
  A steelbarb worm (shapeshifter) (Vaults:2)
  9 necromancers
  8 lindwurms
  23 deep elf zephyrmancers
  A goliath frog zombie (Crypt:3)
  27 ironbound convokers
  A harpy (shapeshifter) (D:13)
  24 deep elf pyromancers
  An alligator zombie (Crypt:1)
  A tengu zombie (Depths:3)
  22 wolf spiders
  A fire giant zombie (Depths:3)
  5 orc sorcerers
  22 manticores
  2 cyclopes
  10 fauns
  22 ugly things
  12 elephants
  29 moths of wrath
  5 merfolk sirens
  2 rust devils
  A black mamba (Lair:5)
  Joseph (D:9)
  A dire elephant zombie (Crypt:2)
  2 gargoyles
  10 vault sentinels
  2 ice statues (IceCv)
  A water nymph (shapeshifter) (Vaults:5)
  2 water nymphs
  An elephant slug zombie (Crypt:3)
  3 cane toads
  A red draconian zombie (Crypt:1)
  6 large abominations
  5 torpor snails
  A yaktaur zombie (Vaults:3)
  A kobold demonologist (D:11)
  An unseen horror (D:12)
  An iron troll zombie (Crypt:2)
  2 rime drakes
  6 komodo dragons
  27 yaktaurs
  2 efreet
  4 ice devils (IceCv)
  An unseen horror (shapeshifter) (D:15)
  A tengu conjurer (D:15)
  5 freezing wraiths
  A human skeleton (Vaults:3)
  A guardian mummy (Crypt:3)
  26 merfolk
  4 anaconda simulacra (IceCv)
  2 ancient zymes (Abyss:2)
  A hydra zombie (Crypt:1)
  4 trolls
  2 wind drakes
  Prince Ribbit (D:8)
  24 tarantellas
  11 hornets
  A raiju (shapeshifter) (D:15)
  Grinder (D:6)
  5 blink frogs
  A hydra skeleton (Crypt:1)
  A wolf spider simulacrum (D:15)
  A dream sheep (shapeshifter) (Vaults:2)
  A snapping turtle (shapeshifter) (D:15)
  A glass eye (shapeshifter) (Vaults:2)
  A meliai zombie (Crypt:3)
  4 snapping turtles
  14 jumping spiders
  A shadow (D:10)
  A fire dragon skeleton (Crypt:3)
  A vampire (D:15)
  16 slime creatures
  7 spriggans
  3 wraiths
  13 culicivoras
  A satyr skeleton (Crypt:1)
  2 wyverns
  2 air elementals
  8 water elementals
  A dire elephant simulacrum (IceCv)
  2 fire elementals
  38 yaks
  A steam dragon (Lair:2)
  A neqoxec (Depths:3)
  3 vampire mosquitoes
  3 wargs
  36 redbacks
  A merfolk zombie (Crypt:1)
  A deep troll zombie (Crypt:3)
  3 hydra simulacra (IceCv)
  A harpy simulacrum (IceCv)
  4 acid dragons
  2 hell hounds (D:11)
  8 water moccasins
  23 orc warriors
  A black bear (D:8)
  3 ice beasts
  A sky beast (D:6)
  16 laughing skulls
  6 wolves
  9 ogres
  4 hexers
  11 centaurs
  A lemure (D:9)
  A manticore skeleton (Crypt:1)
  A kobold brigand (D:8)
  4 necrophages (Crypt:2)
  5 bullfrogs
  3 elf zombies (Elf:1)
  A two-headed ogre simulacrum (IceCv)
  2 gnoll sergeants
  A naga simulacrum (Crypt:3)
  2 earth elementals
  8 scorpions
  4 wights (D:7)
  An elephant simulacrum (IceCv)
  5 killer bees (D:8)
  2 electric eels (Spider:4)
  A shapeshifter skeleton (Crypt:1)
  A wolf zombie (Crypt:2)
  A howler monkey (D:11)
  A jelly (D:6)
  17 orc priests
  A hound (D:6)
  A bombardier beetle (D:4)
  3 gnoll boudas
  3 iguanas
  4 sleepcaps (D:4)
  26 orc wizards
  2 polar bear simulacra
  A spriggan simulacrum (IceCv)
  A crocodile zombie (Crypt:2)
  A hound zombie (Crypt:3)
  11 mummies (Crypt:3)
  17 gnolls
  9 adders
  A howler monkey skeleton (Crypt:2)
  A white imp (D:5)
  A jelly zombie (Crypt:3)
  2 ribbon worms (D:5)
  4 dart slugs
  72 orcs
  14 bats
  8 endoplasms
  A giant cockroach (D:4)
  6 goblins
  10 hobgoblins
  5 quokkas
  3 ball pythons
  A dart slug zombie (Crypt:2)
  An endoplasm zombie (Crypt:3)
  13 frilled lizards
  A frilled lizard skeleton (Crypt:1)
  A giant cockroach zombie (Crypt:2)
  9 kobolds
  3 rats
  5 tentacles (Shoals:1)
1772 creatures vanquished.

Vanquished Creatures (collateral kills)
  3 dread liches
  3 ancient liches
  3 orbs of fire
  2 Killer Klowns
  4 golden dragons
  Norris (Vaults:4)
  2 bone dragons
  Arachne (Spider:4)
  An electric golem (Zot:1)
  5 tentacled monstrosities
  2 liches (Crypt:3)
  5 Orb Guardians (Zot:5)
  A titan (Vaults:4)
  5 ancient champions
  2 deep elf blademasters
  A quicksilver dragon (Zot:1)
  3 death cobs
  5 storm dragons
  A kraken (Shoals:1)
  2 sphinxes (Shoals:4)
  2 tengu reavers (Vaults:5)
  Roxanne (D:14)
  4 draconian shifters
  4 protean progenitors
  3 draconian knights
  2 deep elf sorcerers
  A fire giant (Depths:4)
  2 emperor scorpions
  An iron dragon (Vaults:4)
  4 frost giants
  3 ghost moths
  3 vault wardens
  A draconian stormcaller (Zot:1)
  2 orc warlords
  A curse skull (Crypt:3)
  A ghoul (Crypt:2)
  A draconian annihilator (Zot:4)
  4 very ugly things
  A formless jellyfish (Vaults:2)
  6 ironbound preservers
  A green draconian (Zot:1)
  2 ironbound thunderhulks
  A juggernaut skeleton (Crypt:3)
  The ghost of Kurok the Severer, a journeyman MiFi of Yredelemnul (Shoals:2)
  4 stone giants
  3 vampire knights
  A deep elf demonologist (Elf:3)
  2 black draconians
  2 red draconians (Zot:4)
  5 deep elf death magi
  A deep elf annihilator (Elf:1)
  A white draconian (Zot:4)
  6 dire elephants
  3 purple draconians
  A spark wasp (Depths:2)
  An eidolon (Crypt:3)
  The ghost of Gilette the Basher, a journeyman OnFi of Nemelex Xobeh (Lair:1)
  A yellow draconian (Zot:2)
  2 merfolk javelineers
  3 ettins
  4 jiangshi
  2 entropy weavers
  3 yaktaur captains
  The ghost of iamserjio the Devastator, a journeyman TeCj of Sif Muna (Lair:5)
  Fannar (Orc:1)
  A deep elf high priest (Vaults:2)
  An ice dragon (Depths:3)
  10 vault guards
  2 ironbound frosthearts (Vaults:3)
  A satyr (Shoals:4)
  3 hydras
  3 jorogumos
  4 spriggan air magi
  6 dancing weapons
  2 radroaches
  2 boulder beetles
  3 two-headed ogres
  The ghost of ballabu the Fighter, a novice DsBe of Trog (D:10)
  5 death yaks
  A tengu warrior (D:11)
  2 demonic crawlers
  A deep troll shaman (Depths:4)
  A vampire mage (Crypt:3)
  3 deep troll earth magi
  2 spriggan berserkers
  4 orc high priests (Orc:2)
  4 hell knights
  Urug (Lair:1)
  4 deep elf knights
  A shadow wraith (Crypt:2)
  2 iron trolls (Depths:1)
  A skyshark (shapeshifter) (Vaults:5)
  2 pharaoh ants
  4 skysharks
  4 skeletal warriors
  2 sea snakes
  A bog body (IceCv)
  15 deep trolls
  2 mana vipers (Zot:2)
  2 steelbarb worms
  2 deep elf archers
  4 orb spiders
  An arcanist (Vaults:4)
  3 ironbound convokers
  2 lindwurms (Vaults:1)
  2 phantasmal warriors (Crypt:2)
  13 harpies
  2 necromancers
  An orc knight (D:12)
  5 ugly things
  7 wolf spiders
  5 deep elf pyromancers
  An oklob plant (Lair:5)
  2 orc sorcerers
  4 deep elf zephyrmancers
  3 manticores
  4 fauns (Shoals:4)
  3 cyclopes
  Maurice (D:8)
  6 elephants
  4 moths of wrath
  A merfolk siren (Shoals:2)
  A dire elephant zombie (Crypt:1)
  2 vault sentinels
  An iron dragon skeleton (Crypt:1)
  A black mamba (Lair:5)
  A fire giant skeleton (Crypt:2)
  A torpor snail (Lair:4)
  A large abomination (D:10)
  7 cane toads
  A water nymph (Shoals:3)
  A rime drake (Lair:1)
  A tengu conjurer (D:12)
  6 komodo dragons
  An anaconda simulacrum (IceCv)
  5 yaktaurs
  2 ice devils (IceCv)
  8 merfolk
  4 trolls
  2 harpy zombies (Crypt:3)
  A wind drake (Shoals:2)
  2 blink frogs
  3 hornets
  5 tarantellas
  4 snapping turtles
  6 jumping spiders
  3 vampires
  4 water elementals
  An air elemental (Elf:1)
  7 slime creatures
  16 yaks
  7 culicivoras
  A wraith (D:15)
  A wyvern (Lair:5)
  3 basilisks
  5 spriggans
  A shadow (D:10)
  3 wargs (Orc:2)
  A fire elemental (Elf:1)
  12 redbacks
  A steam dragon (D:9)
  A tyrant leech zombie (Crypt:3)
  A glowing shapeshifter zombie (Depths:3)
  5 hell hounds (D:11)
  5 water moccasins
  A sky beast (D:8)
  An ice beast (D:8)
  14 orc warriors
  2 laughing skulls
  An ogre (Orc:2)
  5 wolves
  A centaur (D:9)
  2 bullfrogs
  A gnoll sergeant (D:11)
  3 orc priests
  12 orc wizards
  A mummy (Crypt:3)
  4 gnolls
  12 orcs
  A river rat skeleton (Crypt:3)
  4 aspiring fleshes
  A butterfly (Lair:5)
  3 tentacles (Shoals:1)
545 creatures vanquished.

Vanquished Creatures (others)
  A moth of wrath (Zot:2)
  A freezing wraith (D:15)
  100 hexers
  5 ancestors
  A gnoll (D:11)
  19 tentacles (Shoals:1)
127 creatures vanquished.

Grand Total: 2444 creatures vanquished

Notes
Turn   | Place    | Note
-------+----------+-------------------------------------------
     0 | D:1      | Ge0ff the Mummy Hunter began the quest for the Orb.
     0 | D:1      | Reached XP level 1. HP: 16/16 MP: 1/1
   230 | D:1      | Reached skill level 1 in Stealth
   426 | D:1      | Reached XP level 2. HP: 15/22 MP: 2/2
  1131 | D:2      | Found Tenkic's Jewellery Shoppe.
  1212 | D:2      | Reached XP level 3. HP: 27/27 MP: 3/3
  1316 | D:2      | Noticed an ogre
  1446 | D:2      | Reached skill level 4 in Ranged Weapons
  1681 | D:2      | Identified the blade talisman of Shielding {MP+9}
  1922 | D:2      | Killed an ogre
  1923 | D:2      | Reached XP level 4. HP: 33/33 MP: 4/4
  2175 | D:2      | Found Tenkic's Jewellery Shoppe.
  2676 | D:3      | Reached XP level 5. HP: 38/38 MP: 5/5
  2682 | D:3      | Found a faded altar of an unknown god.
  2691 | D:3      | Got Plato's Handbook of Leadership
  2724 | D:3      | Reached skill level 5 in Ranged Weapons
  3654 | D:4      | Reached skill level 1 in Armour
  3896 | D:4      | Found a blossoming altar of Fedhas.
  4051 | D:4      | Reached XP level 6. HP: 46/46 MP: 6/6
  4161 | D:4      | Identified the +5 spear "Turofuna" {freeze, rPois Int+4}
  4232 | D:4      | Found a shimmering altar of Xom.
  4486 | D:4      | Learned a level 3 spell: Fugue of the Fallen
  4495 | D:5      | Entered Level 5 of the Dungeon
  4565 | D:5      | Reached skill level 6 in Ranged Weapons
  4609 | D:5      | Reached skill level 1 in Spellcasting
  4899 | D:5      | Found an ornate altar of the Wu Jian Council.
  4931 | D:5      | Reached skill level 1 in Necromancy
  4931 | D:5      | Reached XP level 7. HP: 45/52 MP: 8/8
  5399 | D:5      | Found a bloodstained altar of Trog.
  6121 | D:6      | Found an ancient bone altar of Kikubaaqudgha.
  6167 | D:6      | Reached skill level 7 in Ranged Weapons
  6200 | D:6      | Found an opulent altar of Gozag.
  6237 | D:6      | Found a radiant altar of Vehumet.
  6388 | D:6      | Found a snail-covered altar of Cheibriados.
  6420 | D:6      | Found Lulor's Magic Scroll Shoppe.
  6424 | D:6      | Bought a scroll of poison for 48 gold pieces
  6424 | D:6      | Bought a scroll of immolation for 48 gold pieces
  6442 | D:6      | Noticed Grinder
  6535 | D:6      | Reached XP level 8. HP: 48/58 MP: 11/11
  6544 | D:6      | Found a staircase to the Ecumenical Temple.
  6549 | Temple   | Entered the Ecumenical Temple
  6559 | Temple   | Became a worshipper of Hepliaklqana the Forgotten
  6672 | D:6      | Reached skill level 5 in Necromancy
  7431 | D:7      | Reached skill level 8 in Ranged Weapons
  7903 | D:7      | Reached XP level 9. HP: 36/65 MP: 12/12
  8002 | D:8      | Noticed Prince Ribbit
  8016 | D:8      | Killed Prince Ribbit
  8115 | D:8      | Reached skill level 9 in Ranged Weapons
  8301 | D:8      | Reached * piety under Hepliaklqana
  8372 | D:8      | Found a staircase to the Lair.
  8393 | D:8      | Noticed a two-headed ogre
  8564 | D:8      | Reached skill level 10 in Ranged Weapons
  8959 | D:8      | Reached skill level 1 in Evocations
  9252 | D:8      | Noticed Maurice
  9261 | D:8      | Maurice stole a ring of resist corrosion
 10290 | D:9      | Reached ** piety under Hepliaklqana
 10307 | D:9      | Remembered your ancestor MuOPcestor as a hexer
 10666 | D:9      | Reached XP level 10. HP: 65/65 MP: 13/13
 10690 | D:9      | Reached skill level 5 in Fighting
 10861 | D:9      | Learned a level 1 spell: Apportation
 10864 | D:9      | Learned a level 2 spell: Jinxbite
 10878 | D:9      | Reached skill level 11 in Ranged Weapons
 10965 | D:9      | Noticed Pikel
 10969 | D:9      | Killed Pikel
 10970 | D:9      | Reached skill level 1 in Hexes
 11214 | D:8      | Killed Maurice
 11496 | D:6      | Found a staircase to the Ecumenical Temple.
 11579 | D:6      | Found an ancient bone altar of Kikubaaqudgha.
 11589 | D:6      | Found a radiant altar of Vehumet.
 11602 | D:6      | Killed Grinder
 11632 | D:6      | Found an opulent altar of Gozag.
 11652 | D:6      | Found a snail-covered altar of Cheibriados.
 11834 | D:6      | Found Lulor's Magic Scroll Shoppe.
 11977 | D:8      | Killed a two-headed ogre
 12089 | D:9      | Noticed Joseph
 12113 | D:9      | Killed Joseph
 12315 | D:10     | Entered Level 10 of the Dungeon
 12451 | D:10     | Reached skill level 12 in Ranged Weapons
 12507 | D:10     | Reached XP level 11. HP: 62/71 MP: 12/15
 12676 | D:10     | Found a runed translucent door.
 12676 | D:10     | Noticed ballabu's ghost (novice DsBe)
 12967 | D:11     | Noticed a two-headed ogre
 12973 | D:11     | Killed a two-headed ogre
 12979 | D:11     | Reached skill level 1 in Invocations
 13016 | D:11     | Noticed an orc knight
 13024 | D:11     | Noticed a two-headed ogre
 13082 | D:11     | Noticed a boulder beetle
 13103 | D:11     | Killed a boulder beetle
 13119 | D:11     | Found a runed translucent gate.
 13119 | D:11     | Found a runed translucent gate.
 13119 | D:11     | Found a runed translucent gate.
 13120 | D:11     | Found a gate leading to a gauntlet.
 13121 | D:11     | Found an opulent altar of Gozag.
 13121 | D:11     | Noticed a two-headed ogre
 13122 | D:11     | Noticed a boulder beetle
 13122 | D:11     | Noticed StikS32's ghost (journeyman MiFi)
 13123 | D:11     | Noticed a tengu warrior
 13150 | D:11     | Identified the +3 trident of the Spider Nest {freeze, Int+2
                  | Dex+2}
 13150 | D:11     | Noticed a deep elf pyromancer
 13296 | D:10     | Killed an orc knight
 13297 | D:10     | Reached skill level 5 in Hexes
 13357 | D:11     | Killed a two-headed ogre
 13537 | D:11     | Reached skill level 13 in Ranged Weapons
 13557 | D:11     | Noticed a two-headed ogre
 13573 | D:11     | Killed a two-headed ogre
 13792 | D:11     | Noticed a tengu warrior
 13801 | D:11     | Killed a tengu warrior
 13956 | D:11     | Noticed a boulder beetle
 13962 | D:11     | Killed a deep elf pyromancer
 13988 | D:10     | Killed a boulder beetle
 13989 | D:10     | Reached XP level 12. HP: 74/80 MP: 9/16
 14148 | D:11     | Noticed a tengu warrior
 14158 | D:11     | Killed a tengu warrior
 14463 | D:11     | Reached skill level 5 in Invocations
 14563 | D:11     | Reached skill level 14 in Ranged Weapons
 14790 | D:11     | Reached *** piety under Hepliaklqana
 14808 | D:11     | Identified the staff of Amorality {rElec rN+ Int+2 Earth}
 14817 | D:11     | Got the Lessons on Battle Magic and Embers
 14911 | D:11     | Got Sophisticated Witchery
 15949 | D:6      | Bought a scroll of acquirement for 624 gold pieces
 15949 | D:6      | Acquired the amulet of Vitality {RegenMP++ Regen++}
 15949 | D:6      | Found the amulet of Vitality {RegenMP++ Regen++}
 15965 | D:6      | Learned a level 2 spell: Blink
 16040 | Lair:1   | Entered Level 1 of the Lair of Beasts
 16061 | Lair:1   | Noticed Urug
 16070 | Lair:1   | Killed Urug
 16110 | Lair:1   | Found a frozen archway.
 16132 | IceCv    | Entered an ice cave
 16228 | IceCv    | Reached skill level 1 in Translocations
 17031 | Lair:1   | Noticed Nergalle
 17075 | Lair:1   | Killed Nergalle
 17076 | Lair:1   | Gained mutation: You are strongly in touch with the powers
                  | of death. [Mummy growth]
 17076 | Lair:1   | Reached XP level 13. HP: 83/86 MP: 19/19
 17263 | Lair:1   | Reached **** piety under Hepliaklqana
 17423 | Lair:1   | Found a runed translucent door.
 17423 | Lair:1   | Noticed Gilette's ghost (journeyman OnFi)
 17940 | Lair:2   | Found a bloodstained altar of Trog.
 18058 | Lair:2   | Found a dark tunnel.
 18080 | Volcano  | Entered a volcano
 18284 | Volcano  | Reached skill level 5 in Spellcasting
 18612 | Lair:2   | Found a hole to the Spider Nest.
 18661 | Lair:2   | Reached ***** piety under Hepliaklqana
 19628 | Lair:3   | Found a staircase to the Shoals.
 19777 | Lair:3   | Reached skill level 1 in Throwing
 20277 | Lair:3   | Identified the +8 quarterstaff of the Painted God {freeze,
                  | Will+ rCorr Stlth+}
 20987 | Lair:3   | Reached XP level 14. HP: 94/94 MP: 19/21
 21032 | Lair:3   | Reached skill level 15 in Ranged Weapons
 21411 | Lair:3   | Found a staircase to the Shoals.
 22240 | Lair:4   | Found a viscous altar of Jiyva.
 22244 | Lair:4   | Found a staircase to the Slime Pits.
 22531 | Lair:4   | Found a runed translucent door.
 22621 | Lair:4   | Got the Compilation of Brumal Thunder
 22794 | Lair:5   | Entered Level 5 of the Lair of Beasts
 23486 | Lair:5   | Found a transporter.
 23488 | Lair:5   | Found a transporter.
 23493 | Lair:5   | Found a bloodstained altar of Trog.
 23493 | Lair:5   | Noticed iamserjio's ghost (journeyman TeCj)
 24135 | Lair:5   | Identified the +0 chain mail "Pidiusas" {Regen+ Str+5
                  | Dex-4}
 24409 | D:10     | Killed ballabu's ghost
 24500 | D:12     | Noticed Snorg
 24510 | D:12     | Killed Snorg
 24664 | D:12     | Reached skill level 5 in Stealth
 24818 | D:12     | Reached XP level 15. HP: 101/101 MP: 23/23
 25277 | D:12     | Found a staircase to the Orcish Mines.
 25289 | Orc:1    | Entered Level 1 of the Orcish Mines
 25291 | Orc:1    | Found Seiso's Assorted Antiques.
 25295 | Orc:2    | Entered Level 2 of the Orcish Mines
 25393 | Orc:2    | Found a staircase to the Elven Halls.
 25421 | Orc:1    | Noticed Fannar
 25437 | Orc:1    | Killed Fannar
 25648 | Orc:2    | Found a burning altar of Makhleb.
 26223 | Orc:2    | Reached skill level 5 in Dodging
 26534 | Orc:2    | Found Tabus's Antique Armour Boutique.
 26535 | Orc:2    | Found Faopsu's Antique Weapon Shop.
 26537 | Orc:2    | Found Yhenu's General Store.
 26537 | Orc:2    | Found Plog's Book Boutique.
 26594 | Orc:2    | Bought a pair of brightly glowing gloves for 361 gold
                  | pieces
 26594 | Orc:2    | Identified the +2 pair of gloves "Jeto" {Dex+3} (You bought
                  | it in a shop on level 2 of the Orcish Mines)
 26607 | Orc:2    | Bought a runed shortbow for 186 gold pieces
 26914 | Orc:1    | Paralysed by an orc sorcerer for 3 turns
 27165 | Orc:1    | Bought a wand of paralysis (6) for 403 gold pieces
 27443 | D:13     | Reached skill level 5 in Armour
 27754 | D:13     | Found a gate to the Vaults.
 27846 | D:13     | Reached skill level 10 in Fighting
 28215 | D:14     | You fall into a shaft and drop 1 floor!
 28215 | D:15     | Entered Level 15 of the Dungeon
 28425 | D:15     | Found a staircase to the Depths.
 28521 | D:14     | Found Vyorith's Antique Weapon Shoppe.
 28679 | D:14     | Found a radiant altar of Vehumet.
 28695 | D:14     | Noticed Roxanne
 28766 | D:14     | Reached skill level 5 in Evocations
 29381 | D:14     | Killed Roxanne
 29648 | D:15     | Reached XP level 16. HP: 96/110 MP: 25/25
 30056 | D:15     | Found an ancient bone altar of Kikubaaqudgha.
 30582 | Lair:1   | Killed Gilette's ghost
 30661 | Spider:1 | Entered Level 1 of the Spider Nest
 30709 | Spider:1 | Reached skill level 16 in Ranged Weapons
 34117 | Spider:4 | Entered Level 4 of the Spider Nest
 34347 | Spider:4 | Reached XP level 17. HP: 119/119 MP: 26/26
 34661 | Spider:4 | Noticed Arachne
 34738 | Spider:4 | Killed Arachne
 35056 | Spider:4 | Got a gossamer rune of Zot
 35399 | Spider:4 | Reached skill level 17 in Ranged Weapons
 35703 | Spider:4 | Identified the +5 ring mail of Ignis's Felicitations
                  | {Int+2}
 36321 | D:11     | Killed StikS32's ghost
 36627 | Shoals:1 | Entered Level 1 of the Shoals
 36776 | Shoals:1 | Noticed a kraken
 36788 | Shoals:1 | Killed a kraken
 36996 | Shoals:1 | Noticed a kraken
 37473 | Shoals:1 | Killed a kraken
 37543 | Shoals:2 | Reached skill level 10 in Invocations
 37563 | Shoals:2 | Found a runed translucent gate.
 37599 | Shoals:2 | Found a runed translucent gate.
 37600 | Shoals:2 | Found a runed translucent gate.
 37601 | Shoals:2 | Noticed Kurok's ghost (journeyman MiFi)
 37687 | Shoals:2 | Reached XP level 18. HP: 130/130 MP: 28/28
 37960 | Shoals:2 | Found Asmaiggo's Antique Weapon Boutique.
 38218 | Shoals:3 | Found Maudwa's Assorted Antiques.
 38224 | Shoals:3 | Bought a condenser vane for 760 gold pieces
 38224 | Shoals:3 | Bought a golden ring for 95 gold pieces
 38767 | Shoals:4 | Entered Level 4 of the Shoals
 39222 | Shoals:4 | Reached skill level 15 in Fighting
 39373 | Shoals:4 | Identified the +0 hand axe of Proximity {flame, rCorr
                  | Int+4}
 39498 | Shoals:4 | Identified the staff of Welfare {rElec rF++ rCorr Int-4
                  | Tloc Air}
 39593 | Shoals:4 | Reached skill level 18 in Ranged Weapons
 39803 | Shoals:4 | Got a barnacled rune of Zot
 40487 | Elf:1    | Entered Level 1 of the Elven Halls
 40488 | Elf:1    | Paralysed by an air elemental for 1 turns
 41043 | Elf:1    | Paralysed by an air elemental for 1 turns
 41633 | Elf:1    | Reached XP level 19. HP: 133/143 MP: 29/29
 41852 | Elf:1    | Got Palapas's Precepts of the Charnel House
 42119 | Elf:2    | Paralysed by an air elemental for 1 turns
 42121 | Elf:2    | Paralysed by an air elemental for 1 turns
 42203 | Elf:2    | Got Zoegoob's Lectures on Distance and Exhalation
 42366 | Elf:2    | Found a runed translucent gate.
 42366 | Elf:2    | Found a runed translucent gate.
 42366 | Elf:2    | Found a runed translucent gate.
 43027 | Orc:2    | Bought a scroll of vulnerability for 44 gold pieces
 43027 | Orc:2    | Bought a scroll of fear for 44 gold pieces
 43122 | Elf:3    | Entered Level 3 of the Elven Halls
 43162 | Elf:3    | Found Hostuh's Jewellery Shoppe.
 43162 | Elf:3    | Found Yhaqacep's Book Shop.
 43163 | Elf:3    | Found Hebusud's Book Shop.
 43176 | Elf:3    | Bought a ring of flight for 175 gold pieces
 43862 | Elf:3    | Identified the +3 helmet "Earthly Heaven" {rF+}
 43985 | Elf:3    | Noticed a Brimstone Fiend
 43994 | Abyss:2  | Cast into level 2 of the Abyss (a deep elf demonologist)
 44057 | Elf:3    | Escaped the Abyss
 44200 | Elf:3    | Reached skill level 19 in Ranged Weapons
 44215 | Elf:3    | Bought a ring of willpower for 250 gold pieces
 44675 | Elf:3    | Found Usheggyag's Armour Shoppe.
 44683 | Elf:3    | Bought the +0 pair of boots of Qacag {rC+ Regen+ rCorr
                  | Stlth+} for 322 gold pieces
 44758 | Elf:3    | Identified the +11 flail "Kott" {antimagic, rPois Will+
                  | Int-4}
 44767 | Elf:3    | Identified the +9 dagger "Wablenuc" {drain, Dex+5}
 44795 | Elf:3    | Identified the +8 quarterstaff of Dogijyer {flame, Str+3}
 44797 | Elf:3    | Identified the +8 rapier of Eternity {venom, Dex+3}
 44797 | Elf:3    | Identified the ring of Fifimper {rElec rPois rF- Will+
                  | Str+4}
 44916 | Elf:3    | Reached XP level 20. HP: 156/156 MP: 30/30
 45074 | Elf:3    | Found the +7 hand cannon "Mule" {flame, backblast, rF+}
 47059 | Shoals:2 | Identified the +1 pair of boots "Seucesoa" {Slay+3}
 47138 | Shoals:2 | Killed Kurok's ghost
 47297 | Lair:5   | Killed iamserjio's ghost
 47525 | Vaults:1 | Entered Level 1 of the Vaults
 48812 | Vaults:2 | Reached skill level 20 in Ranged Weapons
 49087 | Vaults:2 | Noticed an ancient lich
 49103 | Vaults:2 | Killed an ancient lich
 49104 | Vaults:2 | Reached XP level 21. HP: 151/164 MP: 31/31
 49244 | Vaults:2 | Reached skill level 5 in Throwing
 49606 | Vaults:2 | Found Asyt's Weapon Shoppe.
 49663 | Vaults:2 | Reached skill level 10 in Evocations
 49769 | Vaults:2 | Identified the +2 leather armour "Orhiz" {Stlth+}
 49772 | Vaults:2 | Found the +8 storm bow {elec, penet}
 50895 | Vaults:3 | Found a staircase to the Crypt.
 51689 | Vaults:4 | Identified the +3 plate armour "Duam" {Int+3}
 51694 | Vaults:4 | Found a flickering gateway to a bazaar.
 51731 | Bazaar   | Entered a bazaar
 51731 | Bazaar   | Found Hamoizes's Jewellery Shoppe.
 51731 | Bazaar   | Found Ribubb's Antique Armour Shop.
 51731 | Bazaar   | Found Adas's Distillery.
 51733 | Bazaar   | Found Metrur's Distillery.
 51733 | Bazaar   | Found Jywuggomp's Armour Emporium.
 52126 | Vaults:4 | Reached XP level 22. HP: 171/171 MP: 32/32
 52510 | Vaults:4 | Noticed Norris
 52528 | Vaults:4 | Killed Norris
 52648 | Vaults:5 | Entered Level 5 of the Vaults
 52799 | Vaults:5 | Noticed a golden dragon
 52805 | Vaults:5 | Killed a golden dragon
 52834 | Vaults:5 | Noticed a dread lich
 52846 | Vaults:5 | Killed a dread lich
 52884 | Vaults:5 | Identified the +2 lajatang "Ogiban" {freeze, rF- rN+ Dex+5
                  | SInv}
 52907 | Vaults:5 | Identified the ring of Zegaar {rN+ rCorr Str+2}
 53145 | Vaults:5 | Noticed Boris
 53152 | Vaults:5 | Killed Boris
 53162 | Vaults:5 | Identified the +5 scimitar of Righteous Fury {protect, rF+
                  | Dex+3}
 53578 | Vaults:5 | Reached skill level 10 in Dodging
 53587 | Vaults:5 | Noticed an ancient lich
 53593 | Vaults:5 | Killed an ancient lich
 53634 | Vaults:5 | Reached skill level 10 in Armour
 53726 | Vaults:5 | Learned a level 4 spell: Martyr's Knell
 53771 | Vaults:5 | Reached skill level 1 in Summonings
 53947 | Vaults:5 | Reached skill level 21 in Ranged Weapons
 54106 | Vaults:5 | Identified the ring of Vief {rF+ Slay+4}
 54362 | Vaults:5 | Noticed a golden dragon
 54369 | Vaults:5 | Killed a golden dragon
 54370 | Vaults:5 | Reached XP level 23. HP: 167/176 MP: 34/34
 54377 | Vaults:5 | Identified the +0 plate armour "Tualym" {Harm rPois rC-
                  | Int-5}
 54404 | Vaults:5 | Noticed an ancient lich
 54412 | Vaults:5 | Killed an ancient lich
 54496 | Vaults:5 | Got a silver rune of Zot
 54499 | Vaults:5 | Identified the +6 scale mail "Otwod" {Str+7 Int+2 Dex+3}
 54502 | Vaults:5 | Identified the staff "Ufritracw" {rPois rC- Stlth- Conj
                  | Summ Alchemy}
 54778 | Vaults:5 | Identified the +4 rapier "Hydra's Nightmare" {flame, rCorr
                  | Str+3}
 54833 | Vaults:5 | Identified the +0 robe of Dishonour {Int+4}
 54844 | Vaults:5 | Got the Discursus on the Sun and Enchantment
 55176 | Depths:1 | Entered Level 1 of the Depths
 55217 | Depths:1 | Noticed Asterion
 55222 | Depths:1 | Killed Asterion
 55305 | Depths:1 | Found a gateway to Hell.
 55391 | Depths:1 | Reached skill level 5 in Summonings
 55410 | Depths:1 | Reached skill level 15 in Invocations
 55635 | Depths:1 | Found Nemed's Neck Hole.
 56204 | Depths:2 | Found a one-way gate leading to the halls of Pandemonium.
 56704 | Depths:2 | Found Hockedie's Changing Room.
 57032 | Depths:3 | Reached skill level 10 in Necromancy
 57076 | Depths:3 | Found a flickering gateway to a bazaar.
 57155 | Bazaar   | Entered a bazaar
 57155 | Bazaar   | Found Zoixun's General Store.
 57155 | Bazaar   | Found Teoddien's Magic Scroll Emporium.
 57157 | Bazaar   | Found Vuadaud's Antique Armour Shoppe.
 57173 | Bazaar   | Found Buvor's Weapon Emporium.
 57185 | Bazaar   | Bought a scroll of immolation for 64 gold pieces
 57185 | Bazaar   | Bought a scroll of teleportation for 48 gold pieces
 57185 | Bazaar   | Bought a scroll of acquirement for 832 gold pieces
 57185 | Bazaar   | Bought a scroll of blinking for 120 gold pieces
 57195 | Bazaar   | Bought a scroll of brand weapon for 152 gold pieces
 57201 | Bazaar   | Bought a scroll of teleportation for 48 gold pieces
 57201 | Bazaar   | Bought a scroll of summoning for 152 gold pieces
 57283 | Depths:3 | Found a one-way gateway to a ziggurat.
 57371 | Depths:3 | Identified the +1 steam dragon scales of Conscience {Harm
                  | Rampage Str+5}
 57787 | Depths:3 | Found a one-way gate to the infinite horrors of the Abyss.
 57877 | Depths:3 | Reached XP level 24. HP: 183/183 MP: 34/34
 58082 | Depths:3 | Identified the +5 war axe of Kaklak {speed, Will+ Str+2
                  | Int+3 Dex-5}
 58317 | Depths:3 | Identified the staff of Freehold {rPois rC+ rN+ Dex+2 Ice}
 58322 | Depths:3 | Acquired 712 gold pieces
 58398 | Depths:4 | Entered Level 4 of the Depths
 58642 | Depths:4 | Reached skill level 10 in Summonings
 58755 | Depths:4 | Found a gate to the Realm of Zot.
 59995 | Crypt:1  | Entered Level 1 of the Crypt
 60169 | Crypt:1  | Noticed Boris
 60180 | Crypt:1  | Killed Boris
 60360 | Crypt:1  | Identified the +0 chain mail of Wu Jian's Outrage {rF++
                  | Regen+}
 60468 | Crypt:1  | Noticed Jory
 60475 | Crypt:1  | Killed Jory
 60580 | Crypt:1  | Reached ****** piety under Hepliaklqana
 60872 | Crypt:2  | Reached skill level 22 in Ranged Weapons
 61351 | Crypt:2  | Identified the +0 robe "Fipiq" {Str+3}
 61622 | Crypt:3  | Entered Level 3 of the Crypt
 61716 | Crypt:3  | Noticed Vv
 61726 | Crypt:3  | Noticed Mennas
 61920 | Crypt:3  | Killed Vv
 61921 | Crypt:3  | Reached skill level 23 in Ranged Weapons
 62031 | Crypt:3  | Found a staircase to the Tomb.
 62481 | Crypt:3  | Reached XP level 25. HP: 189/189 MP: 34/34
 62500 | Crypt:3  | Killed Mennas
 62737 | Crypt:3  | Noticed a dread lich
 62737 | Crypt:3  | Noticed an ancient lich
 62912 | Crypt:3  | Noticed an ancient lich
 62923 | Crypt:3  | Killed an ancient lich
 62951 | Crypt:3  | Killed a dread lich
 62953 | Crypt:3  | Killed an ancient lich
 62973 | Crypt:3  | Got the Grimoire of Venom and Bones
 62979 | Crypt:3  | Got Syxag's Folio of the Morgue
 62980 | Crypt:3  | Identified the ring "Efo Cauv" {rCorr Int+2 Slay+5}
 62993 | Crypt:3  | Identified the amulet "Tipipn" {Acrobat Rampage rCorr
                  | Str+2}
 63377 | Zot:1    | Entered Level 1 of the Realm of Zot
 63648 | Zot:1    | Reached skill level 24 in Ranged Weapons
 63698 | Zot:1    | You fall into a shaft and drop 1 floor!
 63709 | Zot:2    | Found a runed translucent gate.
 63709 | Zot:2    | Found a runed translucent gate.
 63709 | Zot:2    | Found a runed translucent gate.
 64484 | Zot:1    | Reached skill level 25 in Ranged Weapons
 65086 | Zot:2    | Noticed Ydililac's ghost (legendary GrEE)
 65088 | Zot:2    | Noticed NigelTetley's ghost (veteran VSFi)
 65088 | Zot:2    | Noticed Calu's ghost (legendary KoHu)
 65088 | Zot:2    | Noticed Uqizxu's ghost (master OnFi)
 65758 | Zot:3    | Noticed an orb of fire
 65764 | Zot:3    | Killed an orb of fire
 65828 | Zot:3    | Identified the ring "Sutwamor" {rC- rCorr MP+9 Int+3}
 66046 | Zot:4    | Reached XP level 26. HP: 196/196 MP: 34/34
 66538 | Zot:5    | Entered Level 5 of the Realm of Zot
 66579 | Zot:5    | Reached skill level 26 in Ranged Weapons
 67033 | Zot:5    | Noticed an ancient lich
 67041 | Zot:5    | Killed an ancient lich
 67333 | Zot:5    | Noticed a dread lich
 67342 | Zot:5    | Killed a dread lich
 67460 | Zot:5    | Noticed an orb of fire
 67462 | Zot:5    | Noticed an orb of fire
 67467 | Zot:5    | Killed an orb of fire
 67467 | Zot:5    | Noticed a dread lich
 67528 | Zot:5    | Killed a dread lich
 67542 | Zot:5    | Killed an orb of fire
 67707 | Zot:5    | Noticed an orb of fire
 67718 | Zot:5    | Killed an orb of fire
 67719 | Zot:5    | Reached skill level 27 in Ranged Weapons
 67733 | Zot:5    | Noticed an ancient lich
 67741 | Zot:5    | Killed an ancient lich
 68540 | Zot:5    | Identified the +2 robe "Laoqi" {rElec rF+ Will-}
 68945 | Zot:5    | Got the Orb of Zot
 69450 | D:$      | Escaped with the Orb!

Illustrated notes

Levels and vault maps discovered:
D:1:      evilmike_arrival_rings, layout_basic
D:2:      layout_loops_ring, serial_shops, shop, minmay_lizard_pond
D:3:      layout_basic, mainiacjoe_overflow_six_doors_small,
          shapermc_ecumenical_altar_rom_forum, grunt_ministairs_14,
          chequers_jeans
D:4:      layout_basic, lemuel_doored_altar, lemuel_crystal_altar, st_stairs_7,
          hellmonk_no_cap
D:5:      layout_cave_pools, marbit_many_paths, trog_antimagical
D:6:      old_forge, layout_cave_pools, grunt_temple_overflow_gold_and_silver,
          mainiacjoe_overflow_paths, mainiacjoe_overflow_large_starburst,
          minmay_temple_entry_nine_rooms, serial_column_ruins, column_ruins_hut,
          column_ruins_square_large, column_ruins_open_small,
          column_ruins_open_medium, column_ruins_grid_1,
          column_ruins_columns_straight, serial_shops,
          nicolae_shop_back_alley_shop, kennysheep_flooded_box, glass_columns_b,
          minmay_checkerbox, uniq_grinder
D:7:      layout_basic
D:8:      layout_layer_cave, mainiacjoe_overflow_alcove_4, dpeg_oklobed_lair,
          uniq_maurice, uniq_prince_ribbit1
D:9:      layout_loops_corners, uniq_pikel, uniq_joseph
D:10:     layout_cave_pools, gammafunk_ghost_grave
D:11:     minmay_the_grid_octo_tiled_squarecenter_mashed
          [minmay_the_grid_octo_tetromino_candy, minmay_the_grid_octo_clover_2,
          minmay_the_grid_octo_77, minmay_the_grid_octo_chip,
          minmay_the_grid_square_5x5_megaprize_checkered,
          minmay_the_grid_square_5x5_tie, minmay_the_grid_square_5x5_v,
          minmay_the_grid_square_5x5_spiral_small,
          minmay_the_grid_square_5x5_gyroscope], layout_cave_pools,
          ebering_ghost_gozag, gauntlet_entry_generic, minmay_rotating_lava
D:12:     layout_long_grid, david_orc_4, uniq_snorg
D:13:     layout_rooms, erik_vaults_2
D:14:     layout_irregular_city, vehumet_crystals, serial_shops, shop,
          uniq_roxanne
D:15:     hangedman_depths_entry_try_elsewhere_first, layout_loops_ring,
          minmay_misc_feat_square, hangedman_decor_growths,
          nicolae_nh_vlads_tower
Temple:   chequers_temple_sunken
Lair:1:   layout_roguey, portal_ice_cave_entry_ice_simulacra,
          gammafunk_ghost_grave, uniq_nergalle, uniq_urug
Lair:2:   layout_chaotic_city, nicolae_spider_entry_orb_guardian, basic_altar,
          enter_volcano_2
Lair:3:   dreamdust_cave_troll, layout_regular_city, minmay_shoals_entry_hut,
          chequers_serial_rivers_micro_e, st_stairs_4, serial_bayou_shore_a
Lair:4:   layout_roguey, dpeg_slime_entry_corner, pf_torpor_hydra
Lair:5:   evilmike_catoblepas_cave, layout_cave_pods,
          gammafunk_ghost_wrathful_warriors, lemuel_fruit_fields
Shoals:1: nicolae_shoals_lighthouse, layout_shoals, ldierk_geyser
Shoals:2: layout_shoals, gammafunk_ghost_tricky_traps, serial_shops,
          nicolae_shop_rolling_square, nicolae_shoals_siren_and_animal_friends
Shoals:3: layout_shoals, serial_shops, nicolae_shop_pleasant_corner_grove
Shoals:4: shoals_end_hellmonk_lost_city
Spider:1: layout_chambers
Spider:2: nicolae_spider_hilbert_zone_4 [nicolae_spider_hilbert_4_sides_2_open,
          nicolae_spider_hilbert_4_sides_1_open,
          nicolae_spider_hilbert_4_sides_1_open,
          nicolae_spider_hilbert_4_sides_1_open,
          nicolae_spider_hilbert_4_sides_1_open,
          nicolae_spider_hilbert_2_sides_1_open,
          nicolae_spider_hilbert_2_sides_1_open,
          nicolae_spider_hilbert_2_sides_1_open,
          nicolae_spider_hilbert_2_sides_1_open,
          nicolae_spider_hilbert_6_sides_1_open,
          nicolae_spider_hilbert_6_sides_1_open,
          nicolae_spider_hilbert_3_sides_1_open,
          nicolae_spider_hilbert_3_sides_1_open]
Spider:3: layout_spider_delve, nicolae_spider_not_touching_you
Spider:4: johnstein_spider_rune_arachne_lair, nicolae_spider_spiderdrome
Orc:1:    layout_caves, serial_shops, shop, uniq_fannar
Orc:2:    st_orc_congregation, layout_diamond_mine, basic_altar, mines2_david
Elf:1:    kennysheep_blocky_hall, layout_geoelf_grid, minmay_elf_necromancy
Elf:2:    nicolae_elf_blades_crystal_corner, layout_loops_ring
Elf:3:    minmay_elf_hall_not_hex, layout_gridlike, serial_shops,
          nicolae_shop_scrapyard, corexii_hall_statues_l, minmay_shop_grove
Vaults:1: v_alt_pattern_6, nicolae_vaults_minivaults, v_misc_30,
          nicolae_vaults_little_squares_1,
          nicolae_vaults_windows_and_doors_thing, dpeg_vaults_monster_box,
          layout_vaults_quadrants
Vaults:2: nicolae_vaults_double_plus_3, hangedman_vaults_nails,
          minmay_guarded_unrand_secular_launcher, hangedman_vaults_slice,
          vaults_room_door_ring, v_misc_23, vaults_mumra_hexcomb,
          vaults_dpeg_spiral, v_alt_pattern_5, nicolae_vaults_surprise_closet,
          nicolae_vaults_network_s, nicolae_vaults_offset_grid_hallway_4,
          layout_vaults_omnibox, serial_shops, nicolae_shop_peninsula
Vaults:3: grunt_vaults_twisty, v_misc_3, hangedman_vaults_impose,
          minmay_crypt_entry_simple_round, hangedman_vaults_capsules,
          vaults_room_corners, v_pattern_3, vaults_dpeg_emergency_exit,
          v_misc_23, nicolae_vaults_hexular_roomagon,
          vaults_standard_mumra_lines, ontoclasm_vaults_claustrophobia,
          ontoclasm_vaults_hangar, ontoclasm_vaults_loading_screen,
          layout_vaults_big_room
Vaults:4: vaults_room_grid, hangedman_vaults_slither,
          nicolae_vaults_ellipses_ellipsis, nicolae_vaults_little_squares_5,
          nicolae_vaults_shipping_containers_5,
          nicolae_vaults_storage_closets_2, v_misc_2,
          grunt_vaults_hallway_short, nicolae_vaults_little_ls,
          nicolae_vaults_house_3, layout_vaults_maze_bifur, serial_shops,
          bzr_entry_lakeside, uniq_norris
Vaults:5: uniq_boris
Crypt:1:  layout_gridlike, roderic_lattice_octagonal_star, uniq_jory
Crypt:2:  layout_rooms, nicolae_elevator_lobby_plus
Crypt:3:  david_glass_crypt, layout_chaotic_city,
          nicolae_tomb_entry_unfolded_pyramid_orthogonal, grunt_megastairs_3,
          uniq_vv, uniq_mennas
Depths:1: layout_gridlike, serial_curves, eino_curves_03, eino_curves_01,
          eino_curves_01, pf_coc_iceberg, nicolae_shop_sticking_my_neck_out,
          uniq_asterion
Depths:2: hangedman_cross_stitches, layout_gridlike, hell_entry,
          minmay_misc_feat_more_columns, rand_demon_pan_entry_5,
          minmay_misc_feat_four_crosses, nicolae_transmutations_shop,
          elyvilon_altar_1, infiniplex_staircase_squiggle
Depths:3: grunt_double_whammy, layout_cave_shapes, enter_ziggurat_d,
          abyss_entry_crystal, pf_hell_entry_tar_spiral, serial_shops,
          bzr_entry_dummy, minmay_fountain_box, grunt_megastairs_1
Depths:4: grunt_x_marks_the_spot, layout_honeycomb, hangedman_decor_points,
          hell_entry, serial_bayou_shore_b
Zot:1:    kennysheep_room_grid, layout_onion, hangedman_spider_trapstep
Zot:2:    layout_gridlike, gammafunk_ghost_cemetery
Zot:3:    layout_misc_corridors, lemuel_baited_zot_trap,
          hellmonk_greenhouse_of_terror
Zot:4:    layout_gridville, regret_index_zotdec_ex
Zot:5:    layout_gridlike

Skill      XL: |  1  2  3  4  5  6  7  8  9 10 11 12 13 14 15 16 17 18 19 20 21 22 23 24 25 26 |
---------------+-------------------------------------------------------------------------------+-----
Stealth        | 1 2 3 5 6 |  6.2
Ranged Weapons | 4 5 6 7 8 10 12 13 14 15 16 17 18 19 20 21 23 25 27 | 27.0
Armour         | 1 2 3 4 5 6 7 8 10 11 | 11.9
Fighting       | 3 4 5 6 7 8 9 10 12 13 16 19 20 | 20.0
Spellcasting   | 1 2 3 4 5 6 7 |  7.0
Necromancy     | 1 3 5 6 7 8 9 10 | 10.0
Dodging        | 2 3 4 5 6 7 8 10 11 | 11.9
Evocations     | 2 3 5 6 7 8 9 10 11 12 13 | 13.2
Hexes          | 4 5 6 7 |  7.0
Invocations    | 4 5 6 7 8 9 10 11 12 13 14 15 16 | 16.2
Translocations | 1 3 |  3.0
Throwing       | 1 3 4 6 |  6.0
Summonings     | 3 9 10 | 10.0

Action                     |  1- 3 |  4- 6 |  7- 9 | 10-12 | 13-15 | 16-18 | 19-21 | 22-24 | 25-27 || total
---------------------------+-------+-------+-------+-------+-------+-------+-------+-------+-------++-------
  Melee: Short sword       |       |       |       |       |     7 |       |       |       |       ||     7
         Longbow           |       |       |       |       |       |       |       |     2 |       ||     2
   Fire: Shortbow          |   114 |   178 |   567 |   703 |  1984 |   131 |       |       |       ||  3677
         Arbalest          |       |       |       |       |       |  1103 |       |       |       ||  1103
         Longbow           |       |       |       |       |       |   202 |  1394 |  1524 |   958 ||  4078
         Hand cannon       |       |       |       |       |       |       |    11 |       |       ||    11
  Throw: Throwing net      |       |       |       |     1 |     4 |     1 |       |       |     2 ||     8
   Cast: Jinxbite          |       |       |       |    49 |    51 |     1 |       |       |       ||   101
         Fugue of the Fall |       |       |       |    13 |    50 |    34 |     4 |    27 |       ||   128
         Blink             |       |       |       |     2 |     4 |     3 |     1 |       |       ||    10
         Apportation       |       |       |       |       |     3 |     1 |     3 |       |       ||     7
         Martyr's Knell    |       |       |       |       |       |       |       |       |     2 ||     2
 Invoke: Recall Ancestor   |       |       |     2 |     4 |    15 |     5 |     5 |     3 |     6 ||    40
         Ancestor Life: He |       |       |     1 |       |       |       |       |       |       ||     1
         Ancestor Identity |       |       |     1 |       |       |       |       |       |       ||     1
         Idealise          |       |       |       |       |    17 |    18 |    17 |    13 |    12 ||    77
         Transference      |       |       |       |       |     1 |       |       |       |       ||     1
  Evoke: Phantom mirror    |       |       |       |     1 |     3 |     6 |     5 |     5 |     4 ||    24
         Wand              |       |       |       |     1 |    17 |    14 |     1 |       |     5 ||    38
         Sack of spiders   |       |       |       |       |     4 |     5 |     1 |     3 |       ||    13
         Phial of floods   |       |       |       |       |       |     3 |     2 |     1 |       ||     6
         Condenser vane    |       |       |       |       |       |     1 |     4 |     4 |       ||     9
         Lightning rod     |       |       |       |       |       |       |     8 |    10 |     4 ||    22
    Use: Scroll            |     4 |     5 |     5 |     8 |     6 |    17 |     8 |     7 |    11 ||    71
   Stab: Petrified         |       |       |       |       |     5 |       |       |       |       ||     5
 Armour: Leather armour    |    21 |    46 |   228 |    25 |   430 |   521 |   182 |   183 |   173 ||  1809
         Steam dragon scal |       |       |       |    78 |       |       |       |       |       ||    78
  Dodge: Dodged            |    45 |    47 |   172 |    65 |   250 |   435 |   148 |   143 |   170 ||  1475

Table legend: (Time is in decaauts)
 A = Elapsed time spent in this place.
 B = Non-inter-level travel time spent in this place.
 C = Inter-level travel time spent in this place.
 D = Time resting spent in this place.
 E = Time spent auto-exploring this place.
 F = Levels seen in this place.
 G = Mean time per level.
                   A        B        C        D        E       F      G
               +--------+--------+--------+--------+--------+-----+--------+
         Total |  68189 |  61210 |   6979 |   7664 |  35133 |  56 | 1217.7 |
       Dungeon |  21688 |  19154 |   2534 |   2965 |  11247 |  15 | 1445.9 |
        Temple |     24 |     13 |     11 |      0 |      0 |   1 |   24.0 |
          Lair |   7708 |   6631 |   1077 |    594 |   3991 |   5 | 1541.6 |
        Shoals |   5609 |   5077 |    532 |    349 |   3232 |   4 | 1402.2 |
   Spider Nest |   5545 |   5295 |    250 |    831 |   2765 |   4 | 1386.2 |
  Orcish Mines |   1924 |   1643 |    281 |    179 |    679 |   2 |  962.0 |
   Elven Halls |   4120 |   3780 |    340 |    565 |   1971 |   3 | 1373.3 |
        Vaults |   7500 |   6627 |    873 |    570 |   3826 |   5 | 1500.0 |
         Crypt |   2939 |   2794 |    145 |    232 |   1692 |   3 |  979.7 |
        Depths |   4537 |   3883 |    654 |      2 |   2855 |   4 | 1134.2 |
           Zot |   5439 |   5160 |    279 |   1098 |   2574 |   5 | 1087.8 |
         Abyss |     61 |     61 |      0 |     14 |      0 |   1 |   61.0 |
        Bazaar |    111 |    111 |      0 |      0 |     46 |   2 |   55.5 |
      Ice Cave |    719 |    719 |      0 |    218 |    159 |   1 |  719.0 |
       Volcano |    258 |    258 |      0 |     43 |     94 |   1 |  258.0 |
               +--------+--------+--------+--------+--------+-----+--------+

Top non-repeatable levels by time:
    D:11: 2954 daAuts
  Lair:3: 2629 daAuts
   Zot:5: 2316 daAuts
     D:6: 2267 daAuts
     D:9: 2167 daAuts
Vaults:5: 2140 daAuts
     D:8: 1952 daAuts
Spider:4: 1867 daAuts
Shoals:4: 1599 daAuts
   Elf:3: 1566 daAuts
     D:2: 1504 daAuts
   Elf:1: 1498 daAuts
Vaults:1: 1490 daAuts
Depths:3: 1477 daAuts
Vaults:2: 1470 daAuts
